 Dungeon Crawl Stone Soup version 0.27.1-2-g3b301248ec (webtiles) character file.

Game seed: 5696898186455751045

1664 ABBCCCDDDD the Skirmisher (level 9, 0/96 HPs)
             Began as an Octopode Enchanter on Sept 29, 2021.
             Succumbed to a water moccasin's poison
             ... on level 5 of the Dungeon.
             The game lasted 00:12:13 (6524 turns).

ABBCCCDDDD the Skirmisher (Octopode Enchanter)      Turns: 6524, Time: 00:12:14

Health: 0/96       AC:  1    Str:  7    XL:     9   Next: 1%
Magic:  2/13       EV: 13    Int: 21    God:
Gold:   217        SH:  0    Dex: 12    Spells: 6/13 levels left

rFire    . . .     SeeInvis .   m - +1 dagger (venom)
rCold    . . .     Faith    .   (no shield)
rNeg     . . .     Spirit   .   (helmet restricted)
rPois    .         Reflect  .   (no amulet)
rElec    .         Harm     .   e - ring of flight
rCorr    .         Rampage  .   s - ring of willpower
Will     +....                  (no ring)
Stlth    ..........             (no ring)
HPRegen  0.26/turn              (no ring)
MPRegen  0.13/turn              (no ring)
                                (no ring)
                                (no ring)

@: berserking (expiring), lethally poisoned (0 -> -9), flying, very quick
A: almost no armour, amphibious, 8 rings, camouflage 1, gelatinous body 1,
(nimble swimmer 1), tentacles
a: no special abilities


You were on level 5 of the Dungeon.
You visited 2 branches of the dungeon, and saw 6 of its levels.

You collected 217 gold pieces.

Inventory:

Hand Weapons
 a - a +1 dagger
 c - a +5 short sword
 m - a +1 dagger of venom (weapon)
 n - a +1 dagger of freezing
 p - a +0 trident
Jewellery
 e - a ring of flight (left tentacle)
 s - a ring of willpower (right tentacle)
Scrolls
 b - a scroll of blinking
 f - a scroll of fear
 h - a scroll of magic mapping
 j - a scroll of silence
 k - a scroll of enchant armour {unknown}
 l - 2 scrolls of teleportation {unknown}
 o - a scroll of holy word
Potions
 d - a potion of flight {unknown}
 g - 2 potions of berserk rage
 i - 2 potions of degeneration {unknown}
 q - a potion of curing {unknown}
 r - a potion of might {unknown}


   Skills:
 + Level 7.4 Fighting
 - Level 4.0 Short Blades
 + Level 2.7 Dodging
 + Level 6.6 Stealth
 + Level 2.6 Spellcasting
 - Level 5.0 Hexes
 + Level 1.4 Transmutations
 - Level 2.0 Ice Magic
 + Level 1.3 Earth Magic


You had 6 spell levels left.
You knew the following spells:

 Your Spells              Type           Power      Damage    Failure   Level
a - Corona                Hex            25%        N/A       1%          1
b - Ensorcelled Hibernat  Hex/Ice        34%        N/A       4%          2
c - Petrify               Tmut/Erth      8%         N/A       61%         4

Your spell library contained the following spells:

 Spells                   Type           Power      Damage    Failure   Level
 Confusing Touch          Hex            23%        N/A       5%          3
 Tukima's Dance           Hex            23%        N/A       5%          3
 Summon Small Mammal      Summ           8%         N/A       14%         1
 Dazzling Flash           Conj/Hex       26%        N/A       14%         3
 Summon Guardian Golem    Hex/Summ       13%        N/A       14%         3
 Ozocubu's Armour         Ice            11%        N/A       19%         3
 Sublimation of Blood     Necr           1%         N/A       21%         2
 Call Canine Familiar     Summ           2%         N/A       38%         3
 Irradiate                Conj/Tmut      2%         3d14      96%         5
 Ozocubu's Refrigeration  Ice            5%         4d6       100%        7


Dungeon Overview and Level Annotations

Branches:
Dungeon (5/15)             Temple (1/1) D:4

Altars:
Ashenzari
Cheibriados
Fedhas
Makhleb
Nemelex Xobeh
Qazlal
Ru
Sif Muna
Trog
Vehumet
Wu Jian
The Shining One


Innate Abilities, Weirdness & Mutations

You cannot wear most types of armour.
You are amphibious.
You can wear up to eight rings at the same time.
Your skin changes colour to match your surroundings (Stealth+).
Your rubbery body absorbs attacks. (AC +1, EV +1)
((You are camouflaged near water. (Stealth+)))
You have tentacles for arms and can constrict up to eight enemies at once.


Message History

* * * LOW HITPOINT WARNING * * *
It was a potion of berserk rage.
A red film seems to cover your vision as you go berserk!
You feel yourself moving faster!
You feel mighty!
You feel very sick. The water moccasin bites you.
* * * LOW HITPOINT WARNING * * *
You are lethally poisoned!
The water moccasin poisons you!
You puncture the water moccasin!
The water moccasin is poisoned.
Your grab misses the water moccasin. Your squeeze misses the water moccasin.
The water moccasin is moderately wounded.
* * * LOW HITPOINT WARNING * * *
You feel very sick.
The water moccasin completely misses you.
You puncture the water moccasin! You grab the water moccasin.
The water moccasin is heavily wounded.
You constrict the water moccasin.
* * * LOW HITPOINT WARNING * * *
You feel sick. The water moccasin closely misses you.
You puncture the water moccasin!
The water moccasin is almost dead.
You constrict the water moccasin, but do no damage.
* * * LOW HITPOINT WARNING * * *
You feel sick.
You hit the water moccasin.
You kill the water moccasin!
* * * LOW HITPOINT WARNING * * *
You feel sick.
You have reached level 9!
Your experience leads to an increase in your attributes!
Increase (S)trength, (I)ntelligence, or (D)exterity?
You feel clever.
There is a lethal amount of poison in your body!
* * * LOW HITPOINT WARNING * * *
You feel very sick.
You feel a strong urge to attack something.
* * * LOW HITPOINT WARNING * * *
You feel sick.
You die...

.# #.# #.#..
####..###)######.###
#...#.#.......##....
#...#.#.......######
#...#.#.......#
#...#.#.......#
#...#.........#
+..†+.........+
#..@##........#
#..............
#)...##.#.#####
#....##...#
####.###..# #.# ..#
#.# ..# #.# #.# #.#


There were no monsters in sight!

Levels and vault maps discovered:
D:1:      dpeg_arrival_water_fire, layout_basic, kennysheep_another_room,
          minmay_misc_feat_cross
D:2:      layout_basic, grunt_ministairs_4, lightli_corner_chamber, uniq_jessica
D:3:      layout_loops_ring, mainiacjoe_overflow_divided_tiny,
          kennysheep_generic_room_8, uniq_robin, uniq_sigmund
D:4:      layout_basic, temple_pool_b, hangedman_glass_teeth, uniq_pikel
D:5:      layout_basic, regret_index_temple_of_mockery,
          gammafunk_ghost_necromancy
Temple:   eino_wide_crystal_templ

Notes
Turn   | Place    | Note
-------+----------+-------------------------------------------
     0 | D:1      | ABBCCCDDDD the Octopode Enchanter began the quest for the
                  | Orb.
     0 | D:1      | Reached XP level 1. HP: 11/11 MP: 3/3
   465 | D:1      | Reached XP level 2. HP: 13/18 MP: 3/5
   764 | D:1      | Reached skill level 1 in Fighting
  1253 | D:1      | Reached XP level 3. HP: 15/23 MP: 3/6
  1289 | D:1      | Learned a level 2 spell: Ensorcelled Hibernation
  1991 | D:2      | Noticed Jessica
  2090 | D:2      | Killed Jessica
  2091 | D:2      | Reached skill level 1 in Ice Magic
  2091 | D:2      | Reached XP level 4. HP: 29/29 MP: 2/7
  2397 | D:2      | Reached skill level 2 in Fighting
  2949 | D:2      | Reached XP level 5. HP: 34/34 MP: 8/8
  3174 | D:3      | Noticed Robin
  3257 | D:2      | Killed Robin
  3905 | D:3      | Noticed Sigmund
  3921 | D:3      | Killed Sigmund
  3922 | D:3      | Reached skill level 3 in Fighting
  3922 | D:3      | Reached XP level 6. HP: 16/42 MP: 6/9
  4375 | D:3      | Found a shimmering blue altar of Sif Muna.
  4375 | D:3      | Found a snail-covered altar of Cheibriados.
  4666 | D:3      | Reached XP level 7. HP: 46/46 MP: 10/10
  5246 | D:4      | Noticed Pikel
  5274 | D:4      | Found a staircase to the Ecumenical Temple.
  5296 | Temple   | Entered the Ecumenical Temple
  5381 | D:4      | Killed Pikel
  5382 | D:4      | Reached skill level 5 in Fighting
  5382 | D:4      | Reached skill level 5 in Stealth
  5382 | D:4      | Reached skill level 5 in Hexes
  5382 | D:4      | Reached XP level 8. HP: 51/57 MP: 8/11
  5415 | D:4      | Reached skill level 6 in Fighting
  5502 | D:4      | Reached skill level 7 in Fighting
  5872 | D:4      | Learned a level 4 spell: Petrify
  6295 | D:5      | Entered Level 5 of the Dungeon
  6341 | D:5      | Reached skill level 1 in Transmutations
  6366 | D:5      | Reached skill level 1 in Earth Magic
  6522 | D:5      | Reached XP level 9. HP: 5/64 MP: 2/13
  6522 | D:5      | HP: 2/96 [poisoned by a water moccasin]
  6524 | D:5      | Succumbed to a water moccasin's poison

Table legend: (Time is in decaauts)
 A = Elapsed time spent in this place.
 B = Non-inter-level travel time spent in this place.
 C = Inter-level travel time spent in this place.
 D = Time resting spent in this place.
 E = Time spent auto-exploring this place.
 F = Levels seen in this place.
 G = Mean time per level.
                   A        B        C        D        E       F      G
               +--------+--------+--------+--------+--------+-----+--------+
         Total |   6464 |   6284 |    180 |   2491 |   2654 |   6 | 1077.3 |
       Dungeon |   6412 |   6240 |    172 |   2491 |   2619 |   5 | 1282.4 |
        Temple |     51 |     43 |      8 |      0 |     35 |   1 |   51.0 |
               +--------+--------+--------+--------+--------+-----+--------+

Top non-repeatable levels by time:
     D:1: 2000 daAuts
     D:2: 1896 daAuts
     D:3: 1315 daAuts
     D:4: 975 daAuts
     D:5: 223 daAuts
  Temple: 51 daAuts

Table legend:
 A = Kills in this place as a percentage of kills in entire the game.
 B = Kills by you in this place as a percentage of kills by you in the entire game.
 C = Kills by friends in this place as a percentage of kills by friends in the entire game.
 D = Other kills in this place as a percentage of other kills in the entire game.
 E = Experience gained in this place as a percentage of experience gained in the entire game.
 F = Experience gained in this place divided by the number of levels of this place that you have seen.
                   A       B       C       D       E      F
               +-------+-------+-------+-------+-------+----------------------
         Total | 100.0 | 100.0 |   N/A |   N/A | 100.0 | 396.3
       Dungeon | 100.0 | 100.0 |   N/A |   N/A | 100.0 | 475.6
               +-------+-------+-------+-------+-------+----------------------

Action                   |  1- 3 |  4- 6 |  7- 9 || total
-------------------------+-------+-------+-------++-------
Melee: Dagger            |    86 |   126 |   102 ||   314
       Constrict         |    22 |    35 |    14 ||    71
       Tentacles         |    15 |    15 |    16 ||    46
 Cast: Corona            |    30 |    12 |     5 ||    47
       Ensorcelled Hiber |     3 |    11 |    19 ||    33
  Use: Scroll            |       |       |     6 ||     6
       Potion            |       |       |     3 ||     3
 Stab: Sleeping          |     2 |    16 |    15 ||    33
Armor: Skin              |    14 |     7 |    25 ||    46
Dodge: Dodged            |    57 |    61 |    52 ||   170

Vanquished Creatures
  Pikel (D:4)
  Sigmund (D:3)
  A water moccasin (D:5)
  A necrophage (D:4)
  3 ogres (D:4)
  2 scorpions
  A hound (D:4)
  An orc priest (D:3)
  A centaur skeleton (D:4)
  An iguana (D:5)
  Jessica (D:2)
  5 orc wizards
  Robin (D:2)
  8 adders
  3 worms (D:2)
  3 dart slugs
  11 orcs
  10 bats
  3 endoplasms
  4 giant cockroaches
  14 goblins
  13 hobgoblins
  13 jackals
  6 quokkas
  8 ball pythons
  A frilled lizard (D:1)
  5 kobolds
  5 rats
127 creatures vanquished.
